 Dungeon Crawl Stone Soup version 0.28-a0-895-g6e5f11bd55 (webtiles) character file.

Game seed: 10232843956656626288

16 ytrimaz the Skirmisher (level 2, 10/24 HPs)
             Began as a Demonspawn Fighter on Nov 22, 2021.
             Quit the game on level 1 of the Dungeon.
             The game lasted 00:00:32 (484 turns).

ytrimaz the Skirmisher (Demonspawn Fighter)          Turns: 484, Time: 00:00:33

Health: 10/24      AC:  8    Str: 16    XL:     2   Next: 41%
Magic:  2/2        EV:  6    Int:  9    God:
Gold:   13         SH:  4    Dex: 12    Spells: 1/1 levels left

rFire   . . .      SeeInvis .     - Unarmed
rCold   . . .      Faith    .   b - +0 buckler
rNeg    . . .      Spirit   .   a - +0 scale mail
rPois   .          Reflect  .   (no helmet)
rElec   .          Harm     .   (no cloak)
rCorr   .          Rampage  .   (no gloves)
Will    .....                   (no boots)
Stlth   ..........              (no amulet)
HPRegen 0.08/turn               (no ring)
MPRegen 0.08/turn               (no ring)

@: constricted
A: molten scales 1
a: no special abilities


You were on level 1 of the Dungeon.
You visited 1 branch of the dungeon, and saw 1 of its levels.

You collected 13 gold pieces.

Inventory:

Armour
 a - a +0 scale mail (worn)
 b - a +0 buckler (worn)
Potions
 c - a potion of might


   Skills:
 + Level 3.2 Fighting
 + Level 3.0 Armour
 + Level 2.9 Shields
 + Level 2.0 Unarmed Combat


You had one spell level left.
You didn't know any spells.
Your spell library was empty.

Dungeon Overview and Level Annotations

Branches:
Dungeon (1/15)

Altars:


Innate Abilities, Weirdness & Mutations

You are partially covered in molten scales. (AC +2)


Message History

You block the ball python's attack. The endoplasm freezes you.
You are frozen.
You barely miss the ball python. The ball python closely misses you.
The ball python grabs you. The ball python constricts you.
The rat bites you but does no damage.
The endoplasm hits you but does no damage.
The ball python bites you but does no damage.
The ball python constricts you.
You barely miss the ball python. The rat closely misses you.
The endoplasm hits you but does no damage.
The ball python bites you but does no damage.
The ball python constricts you.
You closely miss the ball python. The rat bites you but does no damage.
The ball python bites you but does no damage.
The ball python constricts you. The endoplasm barely misses you.
You closely miss the ball python. The rat bites you. The ball python bites you.
The ball python constricts you. The endoplasm hits you.
You are too injured to fight recklessly!
You are too injured to fight recklessly!
You are too injured to fight recklessly!
You are too injured to fight recklessly!
You are too injured to fight recklessly!
You are too injured to fight recklessly!
You are too injured to fight recklessly!
You are too injured to fight recklessly!
You are too injured to fight recklessly!
You are too injured to fight recklessly!
You are too injured to fight recklessly!
You are too injured to fight recklessly!
You are too injured to fight recklessly!
You are too injured to fight recklessly!
You are too injured to fight recklessly!
You are too injured to fight recklessly!
You are too injured to fight recklessly!
You are too injured to fight recklessly!
You are too injured to fight recklessly!
You are too injured to fight recklessly!
You are too injured to fight recklessly!
Are you sure you want to abandon this character and quit the game? (Confirm with "yes".)

.$ #. .##.######.#. [#.
.. .............. ..##.
#....###...... #.#.
##..#.###......
#.##..###.....#........
....?................##
#..........###....
#SJ>†.............
#@...........##.##
#r.........[###.#
#..####.)#.#.###.##
...## ##...........
.... ####.#...#.. ....
#.....#.# .....
####....# ...... ##....
#....


You could see an endoplasm, a ball python and a rat.

Vanquished Creatures
  A gnoll (D:1)
  A ball python (D:1)
  3 endoplasms (D:1)
  A rat (D:1)
6 creatures vanquished.

Notes
Turn   | Place    | Note
-------+----------+-------------------------------------------
     0 | D:1      | ytrimaz the Demonspawn Fighter began the quest for the Orb.
     0 | D:1      | Reached XP level 1. HP: 18/18 MP: 1/1
   195 | D:1      | Gained mutation: You are partially covered in molten
                  | scales. (AC +2) [demonic ancestry]
   195 | D:1      | Reached XP level 2. HP: 4/24 MP: 2/2
   484 | D:1      | Quit the game

Illustrated notes

Levels and vault maps discovered:
D:1:      lightli_arrival_farm, layout_rooms, basic_ecumenical_altar,
          minmay_heptomino_d4

Skill      XL: |  1  2 |
---------------+-------+-----
Unarmed Combat | 2 |  2.0
Armour         | 3 |  3.0
Fighting       | |  3.2
Shields        | |  2.9

Action                   || total
-------------------------++-------
Melee: Unarmed           ||    42
Armor: Scale mail        ||    14
Dodge: Dodged            ||    20
Block: Buckler           ||     9

Table legend: (Time is in decaauts)
 A = Elapsed time spent in this place.
 B = Non-inter-level travel time spent in this place.
 C = Inter-level travel time spent in this place.
 D = Time resting spent in this place.
 E = Time spent auto-exploring this place.
 F = Levels seen in this place.
 G = Mean time per level.
                   A        B        C        D        E       F      G
               +--------+--------+--------+--------+--------+-----+--------+
         Total |    489 |    489 |      0 |    249 |    177 |   1 |  489.0 |
       Dungeon |    489 |    489 |      0 |    249 |    177 |   1 |  489.0 |
               +--------+--------+--------+--------+--------+-----+--------+

Top non-repeatable levels by time:
     D:1: 489 daAuts
